 Dungeon Crawl Stone Soup version 0.24.1-14-gf8d2b509d9 (webtiles) character file.

Game seed: 217318434149731614, levelgen mode: deterministic

9879 Hugehornet the Martial Artist (level 11, -7/75 HPs)
             Began as an Octopode Transmuter on May 17, 2020.
             Was a Priest of Cheibriados.
             Mangled by an eight-headed hydra (11 damage)
             ... on level 11 of the Dungeon.
             The game lasted 00:31:46 (15116 turns).

Hugehornet the Martial Artist (OpTm)               Turns: 15116, Time: 00:31:48

Health: -7/75      AC:  7    Str: 24    XL:     11   Next: 53%
Magic:  17/17      EV: 17    Int: 24    God:    Cheibriados [***...]
Gold:   624        SH:  0    Dex: 31    Spells: 3/18 levels left

rFire    + . .     SeeInvis .     - Unarmed
rCold    + + +     Gourm    .   (shield currently unavailable)
rNeg     . . .     Faith    .   (helmet currently unavailable)
rPois    +         Spirit   .   m - amulet of magic regeneration
rElec    .         Reflect  .   b - +2 ring of strength
rCorr    .         Harm     .   q - ring of protection from magic
MR       ++...                  p - ring of protection from fire
Stlth    ++++......             A - +1 ring of evasion
HPRegen  0.22/turn              y - ring of stealth
MPRegen  0.40/turn              F - ring of protection from fire
                                G - +2 ring of dexterity
                                (no ring)

@: mighty, agile, ice-form (expiring), very slow
A: large, almost no armour, stealthy swim, amphibious, 8 rings, (constrict 8),
agile 1, dopey 1, magic resistance 1, evolution 1, subdued magic 1, MP-powered
wands
a: End Transformation, Bend Time, Temporal Distortion, Renounce Religion


You were on level 11 of the Dungeon.
You worshipped Cheibriados.
Cheibriados was most pleased with you.
You were not hungry.
You were a creature of crystalline ice.
You visited 2 branches of the dungeon, and saw 12 of its levels.

You collected 624 gold pieces.

Inventory:

Missiles
 a - 180 arrows
Armour
 d - a +2 buckler
 w - the +0 shield "Yholuq" {rPois MR++ Int+4 Dex-2}
   (You found it on level 5 of the Dungeon)

   It affects your intelligence (+4).
   It affects your dexterity (-2).
   It protects you from poison.
   It affects your resistance to hostile enchantments.
Jewellery
 b - a +2 ring of strength (left front paw)
 m - an amulet of magic regeneration (around neck)
 p - a ring of protection from fire (on tentacle)
 q - a ring of protection from magic (right front paw)
 x - an uncursed amulet of the gourmand
 y - a ring of stealth (on tentacle)
 A - a +1 ring of evasion (on tentacle)
 D - an uncursed amulet of regeneration
 F - a ring of protection from fire (on tentacle)
 G - a +2 ring of dexterity (on tentacle)
Wands
 t - a wand of acid (20)
 B - a wand of digging (5)
 E - a wand of paralysis (7)
 I - a wand of scattershot (4)
 J - a wand of disintegration (14)
Scrolls
 e - a scroll of magic mapping
 g - 5 scrolls of fear
 h - 4 scrolls of enchant armour
 i - 6 scrolls of remove curse
 j - 2 scrolls of blinking
 n - 4 scrolls of teleportation
 r - a scroll of fog {unknown}
 s - a scroll of brand weapon {unknown}
 u - a scroll of enchant weapon {unknown}
 z - a scroll of noise {unknown}
 C - 2 scrolls of amnesia {unknown}
 H - a scroll of immolation {unknown}
Potions
 f - 4 potions of curing
 k - a potion of agility
 l - 2 potions of might
 o - 2 potions of resistance
 v - a potion of brilliance
Comestibles
 c - 22 rations


   Skills:
 - Level 1.0 Fighting
 - Level 2.0 Dodging
 + Level 6.3 Shields
 - Level 10.8 Unarmed Combat
 - Level 4.2 Spellcasting
 - Level 9.5 Transmutations
 - Level 6.2 Ice Magic
 - Level 3.0 Poison Magic
 - Level 4.1 Invocations


You had 3 spell levels left.
You knew the following spells:

 Your Spells              Type           Power        Failure   Level  Hunger
a - Beastly Appendage     Tmut           #####.       1%          1    None
b - Sticks to Snakes      Tmut           #####...     1%          2    None
c - Spider Form           Tmut/Pois      ####......   1%          3    ##.....
d - Ice Form              Ice/Tmut       ####....     2%          4    ####...
e - Blade Hands           Tmut           #####.....   4%          5    #####..

Your spell library contained the following spells:

 Spells                   Type           Power        Failure   Level  Hunger
 Animate Skeleton         Necr           N/A          8%          1    None
 Pain                     Necr           #...         8%          1    None
 Regeneration             Chrm/Necr      #.........   24%         3    ##.....
 Vampiric Draining        Necr           #.........   24%         3    ##.....
 Animate Dead             Necr           N/A          63%         4    ####...


Dungeon Overview and Level Annotations

Branches:
Dungeon (11/15)            Temple (1/1) D:6            Lair (0/6) D:11
    Orc: D:9-12

Altars:
Ashenzari
Cheibriados
Dithmenos
Elyvilon
Fedhas
Gozag
Hepliaklqana
Kikubaaqudgha
Makhleb
Nemelex Xobeh
Okawaru
Qazlal
Ru
Sif Muna
Trog
Uskayaw
Vehumet
Wu Jian
Xom
Yredelemnul
Zin
The Shining One

Shops:
D:6 [   D:9 [

Annotations:
D:7 Harold
D:10 Urug


Innate Abilities, Weirdness & Mutations

You cannot wear most types of armour.
You are very stealthy in the water. (Stealth+)
You are amphibious.
You can wear up to eight rings at the same time.
((You can use your tentacles to constrict eight enemies at once.))
((Your skin changes colour to match your surroundings (Stealth+).))
((Your rubbery body absorbs attacks. (AC +1, EV +1)))
((One of your tentacles bears a spike.))
((You are partially covered in large bone plates. (SH +4)))
You are agile. (Dex +2)
You are dopey. (Int -2)
You are resistant to hostile enchantments. (MR+)
You evolve.
Your spells are a little easier to cast, but a little less powerful.
You expend magic power (3 MP) to strengthen your wands.


Message History

The eight-headed hydra completely misses you.
The eight-headed hydra bites you. The eight-headed hydra bites you!
The eight-headed hydra closely misses you.
The eight-headed hydra bites you!
* * * LOW HITPOINT WARNING * * *
The eight-headed hydra bites you!
* * * LOW HITPOINT WARNING * * *
You feel better.
Your transformation is almost over.
The eight-headed hydra bites you.
* * * LOW HITPOINT WARNING * * *
The eight-headed hydra barely misses you.
The eight-headed hydra bites you.
* * * LOW HITPOINT WARNING * * *
The eight-headed hydra barely misses you.
The eight-headed hydra bites you.
* * * LOW HITPOINT WARNING * * *
The eight-headed hydra closely misses you.
The eight-headed hydra bites you!
You die...

####### ......... .
........# .. ........# ...
........# ##.... ........#
#...... .......D####.......
........Y.....P....
........##......H>Y
........###(.P...l.
........# ##..P....
.........#####......
.............####....
.....................#
.........................##
........................


You could see an eight-headed hydra.

Vanquished Creatures
  Erolcha (D:11)
  2 hydras
  A two-headed ogre (D:9)
  Pikel (D:6)
  A guardian serpent (D:9)
  Grinder (D:3)
  Prince Ribbit (D:9)
  2 dream sheep (D:8)
  4 hippogriffs
  Sigmund (D:6)
  A wyvern (D:8)
  2 yaks (D:8)
  2 steam dragons
  A wraith (D:11)
  Eustachio (D:6)
  Grum (D:9)
  An acid dragon (D:8)
  Duvessa (D:7)
  2 phantoms
  A slave (D:6)
  6 ogres
  3 centaurs
  4 wolves (D:9)
  A crocodile (D:11)
  3 big kobolds (D:8)
  5 bullfrogs
  Blork the orc (D:6)
  Dowan (D:7)
  A wyvern skeleton (D:8)
  A scorpion (D:10)
  A water moccasin skeleton (D:8)
  2 howler monkeys
  A crimson imp (D:6)
  A centaur zombie (D:9)
  2 bullfrog zombies
  A quasit (D:11)
  5 orc priests
  5 hounds
  Crazy Yiuf (D:5)
  2 jellies
  2 bullfrog skeletons
  Terence (D:3)
  3 iguanas
  6 orc wizards
  7 worker ants
  A hound zombie (D:5)
  A hound skeleton (D:4)
  A worker ant zombie (D:5)
  7 gnolls
  11 adders
  6 shadow imps
  5 oozes
  3 worms
  5 dart slugs
  5 leopard geckos
  25 orcs
  2 ball pythons (D:3)
  2 giant cockroaches
  7 goblins
  7 hobgoblins
  12 jackals
  3 bats
  3 frilled lizards
  6 kobolds
  A leopard gecko skeleton (D:8)
  A quokka skeleton (D:9)
  A quokka zombie (D:8)
  11 rats
  A fungus (D:5)
221 creatures vanquished.

Notes
Turn   | Place    | Note
-------+----------+-------------------------------------------
     0 | D:1      | Hugehornet the Octopode Transmuter began the quest for the
                  | Orb.
     0 | D:1      | Reached XP level 1. HP: 13/13 MP: 3/3
    60 | D:1      | Reached XP level 2. HP: 11/18 MP: 3/5
    72 | D:1      | Learned a level 2 spell: Sticks to Snakes
  1015 | D:1      | Reached XP level 3. HP: 23/23 MP: 4/6
  1020 | D:1      | Learned a level 3 spell: Spider Form
  1427 | D:2      | Reached skill level 1 in Poison Magic
  1854 | D:2      | Found an ornate altar of the Wu Jian Council.
  1861 | D:2      | Reached XP level 4. HP: 23/28 MP: 7/7
  2523 | D:2      | Found a shimmering blue altar of Sif Muna.
  2763 | D:2      | Reached skill level 4 in Unarmed Combat
  3011 | D:3      | Found a white marble altar of Elyvilon.
  3023 | D:3      | Reached XP level 5. HP: 25/33 MP: 8/8
  3103 | D:3      | Gained mutation: You evolve. [potion of mutation]
  3103 | D:3      | Gained mutation: You tend to lose your temper in combat.
                  | [potion of mutation]
  3103 | D:3      | Gained mutation: You are dopey. (Int -2) [potion of
                  | mutation]
  3103 | D:3      | Gained mutation: You expend magic power (3 MP) to
                  | strengthen your wands. [potion of mutation]
  3104 | D:3      | Lost mutation: You tend to lose your temper in combat.
                  | [potion of mutation]
  3104 | D:3      | Lost mutation: You expend magic power (3 MP) to strengthen
                  | your wands. [potion of mutation]
  3104 | D:3      | Gained mutation: You are partially covered in large bone
                  | plates. (SH +4) [potion of mutation]
  3104 | D:3      | Gained mutation: You expend magic power (3 MP) to
                  | strengthen your wands. [potion of mutation]
  3219 | D:3      | Found a hazy altar of Hepliaklqana.
  3416 | D:3      | HP: 1/33 [orc/+0 short sword (2)]
  3423 | D:3      | Reached skill level 5 in Unarmed Combat
  3898 | D:3      | Gained mutation: Your spells are a little easier to cast,
                  | but a little less powerful. [evolution]
  4032 | D:3      | Noticed Terence
  4037 | D:3      | Killed Terence
  4037 | D:3      | Reached XP level 6. HP: 27/38 MP: 9/9
  4290 | D:3      | Noticed Grinder
  4309 | D:3      | Killed Grinder
  4309 | D:3      | Reached XP level 7. HP: 8/43 MP: 9/13
  4494 | D:3      | Learned a level 4 spell: Ice Form
  5113 | D:4      | Found a shattered altar of Ashenzari.
  5231 | D:4      | Found a sacrificial altar of Ru.
  5340 | D:4      | Found a glowing silver altar of Zin.
  5341 | D:4      | Noticed an angel
  5343 | D:4      | Found a shimmering altar of Xom.
  5411 | D:4      | Reached skill level 5 in Transmutations
  5540 | D:4      | Reached XP level 8. HP: 29/48 MP: 14/14
  5779 | D:4      | Found a sparkling altar of Nemelex Xobeh.
  6245 | D:5      | Entered Level 5 of the Dungeon
  6320 | D:5      | Found an opulent altar of Gozag.
  6326 | D:5      | Reached skill level 1 in Ice Magic
  6723 | D:5      | Found a hide-covered altar of Uskayaw.
  6795 | D:5      | Gained mutation: You rapidly evolve. [evolution]
  6920 | D:5      | Got a scorched shield
  6926 | D:5      | Identified the cursed +0 shield "Yholuq" {rPois MR++ Int+4
                  | Dex-2} (You found it on level 5 of the Dungeon)
  7166 | D:5      | Found a runed translucent door.
  7167 | D:5      | Noticed Crazy Yiuf
  7178 | D:5      | Killed Crazy Yiuf
  7231 | D:6      | Noticed Blork the orc
  7245 | D:6      | Killed Blork the orc
  7429 | D:6      | Noticed Eustachio
  7458 | D:6      | Killed Eustachio
  7458 | D:6      | Reached skill level 5 in Ice Magic
  7946 | D:6      | Reached XP level 9. HP: 36/53 MP: 15/15
  8004 | D:6      | Learned a level 5 spell: Blade Hands
  8064 | D:6      | Found a staircase to the Ecumenical Temple.
  8072 | Temple   | Entered the Ecumenical Temple
  8157 | Temple   | Became a worshipper of Cheibriados the Contemplative
  8250 | D:6      | Gained mutation: You are resistant to hostile enchantments.
                  | (MR+) [evolution]
  8250 | D:6      | Lost mutation: You rapidly evolve. [decline of evolution]
  8319 | D:6      | Found Uchog's Antique Armour Shop.
  8332 | D:6      | Noticed Sigmund
  8354 | D:6      | Reached skill level 6 in Unarmed Combat
  8467 | D:6      | Killed Sigmund
  8976 | D:6      | Noticed Pikel
  8993 | D:6      | Killed Pikel
  8993 | D:6      | Reached skill level 8 in Unarmed Combat
  9439 | D:7      | Gained mutation: One of your tentacles bears a spike.
                  | [evolution]
  9564 | D:7      | Noticed Dowan
  9630 | D:7      | Noticed Harold
  9648 | D:7      | Noticed Duvessa
  9660 | D:7      | Killed Duvessa
  9672 | D:7      | Killed Dowan
  9888 | D:7      | Found a glowing golden altar of the Shining One.
 10049 | D:8      | Reached * piety under Cheibriados
 10107 | D:8      | Reached skill level 9 in Unarmed Combat
 10336 | D:8      | Reached XP level 10. HP: 43/58 MP: 13/16
 10486 | D:8      | Reached skill level 10 in Unarmed Combat
 11401 | D:8      | Reached ** piety under Cheibriados
 11596 | D:8      | Noticed a three-headed hydra
 11602 | D:8      | Killed a three-headed hydra
 11938 | D:9      | Found a shadowy altar of Dithmenos.
 12074 | D:9      | Found Ickibly's Armour Emporium.
 12090 | D:9      | Noticed an eight-headed hydra
 12110 | D:9      | Killed an eight-headed hydra
 12553 | D:9      | Noticed a two-headed ogre
 12563 | D:9      | Killed a two-headed ogre
 12563 | D:9      | Reached XP level 11. HP: 28/63 MP: 17/17
 12750 | D:9      | Found a stormy altar of Qazlal.
 12827 | D:9      | Noticed Prince Ribbit
 12843 | D:9      | Killed Prince Ribbit
 12843 | D:9      | Reached skill level 1 in Shields
 13208 | D:9      | Noticed Grum
 13468 | D:9      | Reached *** piety under Cheibriados
 13601 | D:9      | Killed Grum
 13702 | D:9      | Gained mutation: You are agile. (Dex +2) [evolution]
 13815 | D:10     | Entered Level 10 of the Dungeon
 13833 | D:10     | Noticed Urug
 14674 | D:11     | Noticed Erolcha
 14683 | D:11     | Killed Erolcha
 14683 | D:11     | Reached skill level 5 in Shields
 14755 | D:11     | Noticed an eight-headed hydra
 15106 | D:11     | Found a staircase to the Lair.
 15116 | D:11     | Mangled by an eight-headed hydra

Levels and vault maps discovered:
D:1:      mrwooster_arrival_statue_3, layout_basic, hex_large, minmay_vboxes
D:2:      layout_basic, lemuel_blue_sif_altar, overflow_temple_1_default,
          minmay_cut_off
D:3:      layout_loops_cross, old_standard_altar,
          nicolae_overflow_hidden_temple, first_ration, uniq_terence,
          uniq_grinder
D:4:      layout_loops_ring, grunt_temple_overflow_order_and_chaos_1,
          overflow_temple_1_default, lemuel_round_altar,
          overflow_temple_1_default
D:5:      layout_loops_ring, eat_drink_and_be_merry_uskayaw, basic_altar,
          kennysheep_another_room, st_stairs_8, uniq_crazy_yiuf_cottage
D:6:      minmay_evil_eye, layout_basic, minmay_temple_entry_glassed_door,
          serial_shops, nicolae_shop_stone, skrybe_limestone_x, uniq_pikel,
          uniq_eustachio, uniq_blork_the_orc, uniq_sigmund
D:7:      layout_cave_pools, lemuel_doored_altar, uniq_duvessa, uniq_harold
D:8:      layout_basic, hangedman_ranch [blue_anna_fruit_fields]
D:9:      layout_basic, nicolae_qazlal_style_of_elements, grunt_dithmenos_smoke,
          serial_shops, kennysheep_mini_moat, nrook_guardian_serpent_ordinary,
          uniq_prince_ribbit1, uniq_grum
D:10:     layout_gridville, uniq_snorg, uniq_urug
D:11:     layout_basic, david_lair_generic, uniq_erolcha
Temple:   nicolae_temple_figure_zero

Skill      XL: |  1  2  3  4  5  6  7  8  9 10 11 |
---------------+----------------------------------+-----
Transmutations | 3 5 6 9 |  9.5
Poison Magic   | 2 3 |  3.0
Unarmed Combat | 4 5 9 10 | 10.8
Spellcasting   | 4 |  4.2
Ice Magic      | 6 |  6.2
Invocations    | 4 |  4.1
Shields        | 6 |  6.3
Fighting       | |  1.0
Dodging        | |  2.0

Action                   |  1- 3 |  4- 6 |  7- 9 | 10-12 || total
-------------------------+-------+-------+-------+-------++-------
Melee: Unarmed           |    67 |   124 |   296 |   200 ||   687
       Constrict         |    16 |    20 |    18 |    11 ||    65
       Kick              |    13 |    23 |    20 |    17 ||    73
       Tentacles         |     6 |    11 |    14 |     9 ||    40
       Punch             |     1 |     2 |     2 |     4 ||     9
 Cast: Beastly Appendage |    17 |    33 |    16 |       ||    66
       Spider Form       |       |     2 |    27 |     9 ||    38
       Sticks to Snakes  |       |       |    12 |    10 ||    22
       Ice Form          |       |       |     1 |    14 ||    15
 Abil: End Transformatio |       |       |     4 |     4 ||     8
  Use: Scroll            |       |     5 |    13 |     2 ||    20
       Potion            |       |     3 |     3 |     8 ||    14
 Stab: Sleeping          |     3 |     5 |     2 |     7 ||    17
  Eat: Chunk             |     3 |     9 |    11 |     7 ||    30
       Ration            |       |       |     3 |     1 ||     4
Armor: Skin              |     4 |     6 |     6 |    27 ||    43
Dodge: Dodged            |    50 |    90 |   210 |   134 ||   484
Block: Other             |       |    12 |    11 |     1 ||    24
